 Dungeon Crawl Stone Soup version 0.27.0-1-g7a089689b8 (webtiles) character file.

Game seed: 11273969894144255298

1799 Lochraine the Fighter (level 8, -1/88 (91) HPs)
             Began as a Deep Dwarf Fighter on Aug 6, 2021.
             Was a Follower of Makhleb.
             Shot with a sling bullet by Joseph (15 damage)
             ... on level 7 of the Dungeon.
             The game lasted 00:15:41 (4443 turns).

Lochraine the Fighter (Deep Dwarf Fighter)          Turns: 4443, Time: 00:15:42

HP:   -1/88 (91)    AC:  8    Str: 22    XL:     8   Next: 83%
MP:   8/8           EV:  8    Int: 17    God:    Makhleb [*.....]
Gold: 72            SH: 10    Dex:  8    Spells: 7/7 levels left

rFire    . . .     SeeInvis .   a - +6 mace "Dagae" {vamp, *Rage Will++ Int+8 Dex-4}
rCold    . . .     Faith    .   c - +0 kite shield
rNeg     . . .     Spirit   .   r - +0 scale mail
rPois    .         Reflect  .   h - +0 helmet
rElec    .         Harm     .   (no cloak)
rCorr    +         Rampage  .   (no gloves)
Will     +++..     Rnd*Rage +   (no boots)
Stlth    ..........             (no amulet)
HPRegen  0.00/turn              v - ring of resist corrosion
MPRegen  0.11/turn              (no ring)

@: lightly drained
A: damage resistance, heal wounds, sense surroundings 1, no regeneration
a: Heal Wounds, Renounce Religion


You were on level 7 of the Dungeon.
You worshipped Makhleb.
Makhleb was aware of your devotion.
You visited 2 branches of the dungeon, and saw 8 of its levels.

You collected 314 gold pieces.
You spent 242 gold pieces at shops.

Inventory:

Hand Weapons
 a - the +6 mace "Dagae" (weapon) {vamp, *Rage Will++ Int+8 Dex-4}
   (You found it on level 4 of the Dungeon)

   It occasionally heals its wielder for a portion of the damage dealt when it
   wounds a living foe.
   Int:       It affects your intelligence (+8).
   Dex:       It affects your dexterity (-4).
   *Rage:     It may make you go berserk in combat.
   Will:      It greatly increases your willpower.
 b - the +7 mace "Demonbane" {venom, rN+}
   (You found it on level 4 of the Dungeon)

   It poisons the flesh of those it strikes.
   rN:        It protects you from negative energy.
 e - a +2 vampiric dagger
 s - the +6 mace of Exquisite Death {drain, rC++ MP+9 Dex+3 Stlth-}
   (You found it on level 4 of the Dungeon)

   A truly terrible weapon, it drains the life of any living foe it strikes.
   Dex:       It affects your dexterity (+3).
   rC:        It greatly protects you from cold.
   MP:        It affects your magic capacity (+9).
   Stlth:     It makes you less stealthy.
 t - a +0 war axe
Armour
 c - a +0 kite shield (worn)
 h - a +0 helmet (worn)
 o - a +2 robe of positive energy
 r - a +0 scale mail (worn)
Jewellery
 l - a ring of fire
 v - a ring of resist corrosion (left hand)
Wands
 d - a wand of polymorph (7)
Scrolls
 g - a scroll of silence {unknown}
 j - a scroll of identify
 k - 2 scrolls of blinking
 n - 4 scrolls of teleportation
 q - a scroll of enchant armour {unknown}
 y - a scroll of summoning {unknown}
 z - a scroll of enchant weapon
Potions
 f - a potion of flight {unknown}
 m - 2 potions of attraction {unknown}
 p - 2 potions of heal wounds {unknown}
 u - a potion of haste {unknown}
 w - a potion of lignification {unknown}
 x - a potion of brilliance {unknown}
 A - a potion of curing


   Skills:
 + Level 11.9 Fighting
 - Level 3.5(4.2) Axes
 + Level 3.0(3.6) Maces & Flails
 + Level 5.5 Armour
 - Level 0.1 Dodging
 + Level 5.8 Shields


You had 7 spell levels left.
You didn't know any spells.
Your spell library contained the following spells:

 Spells                   Type           Power      Damage    Failure   Level
 Corona                   Hex            0%         N/A       88%         1
 Ensorcelled Hibernation  Hex/Ice        0%         N/A       96%         2
 Tukima's Dance           Hex            0%         N/A       99%         3


Dungeon Overview and Level Annotations

Branches:
Dungeon (7/15)             Temple (1/1) D:4

Altars:
Ashenzari
Cheibriados
Dithmenos
Elyvilon
Fedhas
Gozag
Hepliaklqana
Kikubaaqudgha
Makhleb
Nemelex Xobeh
Okawaru
Qazlal
Ru
Sif Muna
Trog
Uskayaw
Vehumet
Xom
Yredelemnul
Zin
The Shining One

Shops:
D:2 *   D:5 *   D:6 !

Annotations:
D:7 Joseph


Innate Abilities, Weirdness & Mutations

You are resistant to damage.
You can heal yourself by infusing magical energy.
You passively map a small area around you.
You do not regenerate.


Message History

You feel yourself moving faster!
You feel mighty!
You sock the centaur warrior zombie!
The centaur warrior zombie is almost destroyed.
The centaur warrior zombie barely misses you.
The centaur warrior zombie kicks you but does no damage.
The kobold zombie closely misses you. The centaur warrior zombie hits you.
* * * LOW HITPOINT WARNING * * *
The centaur warrior zombie barely misses you.
You sock the centaur warrior zombie!
You destroy the centaur warrior zombie!
Makhleb accepts your kill.
The kobold zombie hits you but does no damage.
Your Maces & Flails skill increases to level 3!
You bludgeon the kobold zombie!!
You destroy the kobold zombie!
Makhleb accepts your kill.
You start waiting.
You feel a strong urge to attack something.
You start waiting.
You are no longer berserk.
You are exhausted.
You feel yourself slow down.
You feel yourself speed up. 3 zombies come into view.
Found a book of Frost.
There is a stone staircase leading up here.
The howler monkey zombie hits you. You block the orc zombie's attack.
You climb upwards.
There is a stone staircase leading down here.
You recover from your berserk rage.
There is a stone staircase leading down here.
You climb downwards.
Level annotation: Joseph An orc comes into view.
It is wielding a +0 club.
The orc shouts!
There is a stone staircase leading up here.
You are too injured to fight recklessly!
Joseph shouts!
Joseph shoots a sling bullet.
The sling bullet hits you!
You die...

, .######### *
....#..@..............
, , ,
..................<..
#
*#............#####...
* , ..,#............*
#... *
.$.#.....$......* #^..
,,................ *
*#... ,
...^............ ,
,#.(. #..o@........
#### , #...#<.#.... ,
,,#.......# #, * *
#...#...... , ,
...............
......########. *
......# * * ...... , *
.... ,


You could see Joseph and an orc.

Vanquished Creatures
  A centaur zombie (D:7)
  An ice beast (D:6)
  A phantom (D:6)
  A bullfrog (D:6)
  A scorpion (D:5)
  3 howler monkeys
  A bullfrog zombie (D:6)
  2 bullfrog skeletons
  An orc priest (D:5)
  Crazy Yiuf (D:4)
  A hound (D:6)
  A jelly (D:6)
  A gnoll shaman (D:6)
  Terence (D:2)
  2 iguanas
  An orc wizard (D:5)
  A howler monkey zombie (D:5)
  Robin (D:2)
  9 adders
  5 gnolls (D:6)
  4 white imps
  3 ufetubi
  4 worms
  5 orcs
  3 ball pythons
  3 bats
  4 endoplasms
  6 giant cockroaches
  10 goblins
  10 hobgoblins
  6 jackals
  2 quokkas (D:1)
  4 frilled lizards (D:1)
  6 kobolds
  A kobold zombie (D:7)
  5 rats
  A bush (D:4)
113 creatures vanquished.

Vanquished Creatures (others)
  A sky beast (D:7)
  2 fungi (D:4)
  4 plants (D:4)
7 creatures vanquished.

Grand Total: 120 creatures vanquished

Notes
Turn   | Place    | Note
-------+----------+-------------------------------------------
     0 | D:1      | Lochraine the Deep Dwarf Fighter began the quest for the
                  | Orb.
     0 | D:1      | Reached XP level 1. HP: 20/20 MP: 1/1
    88 | D:1      | Reached XP level 2. HP: 24/27 MP: 2/2
   566 | D:2      | Noticed Robin
   569 | D:2      | Reached skill level 3 in Fighting
   569 | D:2      | Reached XP level 3. HP: 24/34 MP: 3/3
   580 | D:2      | Killed Robin
   873 | D:2      | Found a faded altar of an unknown god.
   873 | D:2      | Noticed Terence
   890 | D:2      | Killed Terence
   891 | D:2      | Reached XP level 4. HP: 34/42 MP: 4/4
  1002 | D:2      | Found Deneu's Assorted Antiques.
  1480 | D:3      | Reached XP level 5. HP: 49/49 MP: 5/5
  2192 | D:4      | Identified the +7 mace "Demonbane" {venom, rN+}
  2199 | D:4      | Found a runed translucent door.
  2200 | D:4      | Noticed Crazy Yiuf
  2217 | D:4      | Killed Crazy Yiuf
  2230 | D:4      | Identified the +6 mace of Exquisite Death {drain, rC++ MP+9
                  | Dex+3 Stlth-}
  2233 | D:4      | Identified the +6 mace "Dagae" {vamp, *Rage Will++ Int+8
                  | Dex-4}
  2296 | D:4      | Found a sacrificial altar of Ru.
  2298 | D:4      | Found a hide-covered altar of Uskayaw.
  2300 | D:4      | Found a glowing golden altar of the Shining One.
  2346 | D:4      | Found a staircase to the Ecumenical Temple.
  2355 | Temple   | Entered the Ecumenical Temple
  2496 | Temple   | Became a worshipper of Makhleb the Destroyer
  2837 | D:5      | Entered Level 5 of the Dungeon
  2869 | D:5      | Reached skill level 1 in Maces & Flails
  2869 | D:5      | Reached XP level 6. HP: 45/57 MP: 6/6
  2912 | D:5      | Reached skill level 5 in Shields
  2942 | D:5      | Reached skill level 4 in Fighting
  3307 | D:5      | Found Cumoeh's CLEARANCE SALE! EVERYTHING MUST GO!.
  3324 | D:5      | Bought a potion of experience for 200 gold pieces
  3325 | D:5      | Reached skill level 11 in Fighting
  3325 | D:5      | Reached XP level 7. HP: 30/82 MP: 7/7
  3403 | D:5      | Found an ancient bone altar of Kikubaaqudgha.
  3618 | D:6      | Reached skill level 5 in Armour
  3627 | D:6      | Reached XP level 8. HP: 34/91 MP: 8/8
  3694 | D:6      | Found an opulent altar of Gozag.
  3838 | D:6      | Reached * piety under Makhleb
  4085 | D:6      | Found Xeoge's Distillery.
  4093 | D:6      | Bought a potion of curing for 42 gold pieces
  4314 | D:7      | Noticed Joseph
  4443 | D:7      | Shot with a sling bullet by Joseph

Illustrated notes

Levels and vault maps discovered:
D:1:      amcnicky_arrival_underground_garden, layout_rooms
D:2:      layout_rooms, serial_shops, shop, basic_ecumenical_altar,
          minmay_cut_off, uniq_robin, uniq_terence
D:3:      layout_loops_ring, grunt_ministairs_13
D:4:      layout_loops_ring, gammafunk_temple_overflow_forgotten,
          minmay_temple_entry_gardened_gates, uniq_crazy_yiuf_cottage
D:5:      layout_basic, lemuel_crystal_altar, serial_curves, eino_curves_02,
          eino_curves_03, eino_curves_04, nicolae_shop_clearance
D:6:      layout_loops_ring, old_standard_altar, serial_shops,
          nicolae_stop_n_shop_2
D:7:      layout_rooms, lemuel_tele_altar, minmay_mini_ossuary, uniq_joseph
Temple:   regret_index_temple_sphere_string

Skill      XL: |  1  2  3  4  5  6  7  8 |
---------------+-------------------------+-----
Fighting       | 3 11 | 11.9
Shields        | 4 5 |  5.8
Axes           | 3 |  3.5
Armour         | 4 5 |  5.5
Maces & Flails | 1 2 3 |  3.0
Dodging        | |  0.1

Action                   |  1- 3 |  4- 6 |  7- 9 || total
-------------------------+-------+-------+-------++-------
Melee: War axe           |    95 |     6 |       ||   101
       Unarmed           |     5 |       |       ||     5
       Dagger            |       |   327 |       ||   327
       Mace              |       |    71 |    90 ||   161
 Abil: Heal Wounds       |     1 |       |     1 ||     2
  Use: Potion            |     1 |     1 |       ||     2
       Scroll            |       |     2 |     4 ||     6
Armor: Scale mail        |    40 |   104 |    63 ||   207
       Skin              |     1 |       |       ||     1
Dodge: Dodged            |    26 |    57 |    41 ||   124
Block: Kite shield       |    60 |   131 |    66 ||   257
